 Dungeon Crawl Stone Soup version 0.27-a0-380-g150de4c316 (webtiles) character file.

Game seed: 12793061402734862096

2230 pistachioham the Destroyer (level 9, -1/67 HPs)
             Began as a Deep Elf Conjurer on Feb 17, 2021.
             Slain by a wight
             ... wielding a +0 great sword
              (4 damage)
             ... on level 7 of the Dungeon on Feb 18, 2021.
             The game lasted 00:20:52 (4951 turns).

pistachioham the Destroyer (Deep Elf Conjurer)      Turns: 4951, Time: 00:20:53

Health: -1/67      AC:  4    Str:  6    XL:     9   Next: 14%
Magic:  14/16      EV: 12    Int: 27    God:
Gold:   347        SH:  0    Dex: 13    Spells: 5/15 levels left

rFire    . . .     SeeInvis .   a - +0 dagger (venom)
rCold    . . .     Faith    .   (no shield)
rNeg     . . .     Spirit   .   q - +0 robe
rPois    .         Reflect  .   (no helmet)
rElec    .         Harm     .   w - +0 cloak
rCorr    .         Rampage  .   (no gloves)
Will     .....                  t - +0 pair of boots "Gatih" {+Fly Str+2}
Stlth    ..........             (no amulet)
HPRegen  0.21/turn              (no ring)
MPRegen  0.15/turn              (no ring)

@: berserking, very quick
A: no striking features
a: Evoke Flight


You were on level 7 of the Dungeon.
You visited 1 branch of the dungeon, and saw 9 of its levels.

You collected 347 gold pieces.

Inventory:

Hand Weapons
 a - a +0 dagger of venom (weapon)
 B - a +0 shortbow
Missiles
 k - 166 arrows
Armour
 g - a +0 buckler
 q - a +0 robe (worn)
 t - the +0 pair of boots "Gatih" (worn) {+Fly Str+2}
   (You found it on level 5 of the Dungeon)

   It affects your strength (+2).
   It lets you fly.
 w - a +0 cloak (worn)
 A - the +3 ring mail of Ywkavui {+Blink rF+ Str+6, unknown}
   (You found it on level 9 of the Dungeon)

   It affects your strength (+6).
   It protects you from fire.
   It lets you blink.
Magical Staves
 y - a staff of fire
Wands
 v - a wand of flame (14)
Scrolls
 c - a scroll of teleportation
 e - 3 scrolls of identify {unknown}
 f - a scroll of enchant armour {unknown}
 j - 3 scrolls of amnesia {unknown}
 m - a scroll of immolation {unknown}
 n - a scroll of magic mapping {unknown}
 o - 3 scrolls of blinking {unknown}
 r - a scroll of enchant weapon {unknown}
 z - a scroll of torment {unknown}
Potions
 b - a potion of berserk rage
 d - 2 potions of mutation {unknown}
 h - 2 potions of flight {unknown}
 i - 4 potions of curing {unknown}
 l - 2 potions of heal wounds {unknown}
 p - a potion of ambrosia {unknown}
 s - 2 potions of resistance {unknown}
 u - a potion of haste {unknown}
 x - a potion of might {unknown}


   Skills:
 + Level 2.2 Bows
 - Level 2.5 Dodging
 - Level 3.0 Stealth
 - Level 3.6 Spellcasting
 + Level 10.3 Conjurations
 + Level 10.3 Hexes


You had 5 spell levels left.
You knew the following spells:

 Your Spells              Type           Power        Failure   Level
a - Magic Dart            Conj           100%         1%          1
b - Searing Ray           Conj           100%         1%          2
c - Dazzling Flash        Conj/Hex       100%         1%          3
d - Fulminant Prism       Conj/Hex       28%          1%          4

Your spell library contained the following spells:

 Spells                   Type           Power        Failure   Level
 Freeze                   Ice            16%          9%          1
 Hailstorm                Conj/Ice       32%          10%         4
 Iskenderun's Mystic Bla  Conj/Tloc      32%          10%         4
 Frozen Ramparts          Ice            8%           24%         3
 Ozocubu's Armour         Ice            4%           24%         3
 Summon Ice Beast         Ice/Summ       4%           63%         4


Dungeon Overview and Level Annotations

Branches:
Dungeon (9/15)
 Temple: D:4-7         Lair: D:8-11         Orc: D:9-12

Altars:
Cheibriados
Gozag
Okawaru
Uskayaw


Message History

* * * LOW HITPOINT WARNING * * *
You climb downwards.
There is a stone staircase leading up here.
Casting: Searing Ray (safe; 1% risk of failure)
Confirm with . or Enter, or press ? or * to list all spells.
Aiming: Searing Ray (safe; 1% risk of failure)
Press: ? - help, Shift-Dir - straight line, f - wight
Aim: a wight, wielding a +0 great sword and wearing a +0 robe of positive energy (17% to evade)
The searing ray hits the wight!
The wight is severely damaged. (Press . to maintain the ray.)
The wight hits you with a +0 great sword!
* * * LOW HITPOINT WARNING * * *
The searing ray hits the wight.
You destroy the wight!
The wight completely misses you.
Unknown command.
A scorpion comes into view.
Things that are here:
a +0 long sword; a +0 robe Unknown command.
It was a potion of berserk rage.
A red film seems to cover your vision as you go berserk!
You feel yourself moving faster!
You feel mighty!
The teleport trap disappears.
The scorpion disappears!
You are too berserk!
You barely miss the wight. The wight barely misses you.
You barely miss the wight.
Unknown command.
You puncture the wight!
The wight is heavily damaged.
The wight barely misses you.
Unknown command.
You barely miss the wight.
The wight is heavily damaged.
Unknown command.
You hit the wight but do no damage.
The wight is heavily damaged.
The wight hits you with a +0 great sword.
You die...

#+ #. #. ##.##
##...#########.
#....zz@.......
##...##########
##..# #..# ...#
##.## #. #.


You could see 2 wights.

Vanquished Creatures
  Pikel (D:4)
  Maggie (D:6)
  Sigmund (D:2)
  A necrophage (D:9)
  A centaur (D:9)
  2 lemures (D:4)
  A phantom (D:9)
  A wyvern skeleton (D:9)
  A scorpion (D:4)
  3 howler monkeys (D:9)
  6 wights
  2 jellies
  An orc priest (D:4)
  Crazy Yiuf (D:5)
  A centaur skeleton (D:5)
  2 hounds
  An iguana (D:9)
  Jessica (D:2)
  Natasha (D:4)
  Terence (D:2)
  4 worker ants
  A hound skeleton (D:2)
  3 gnolls (D:6)
  4 adders
  An ufetubus (D:9)
  A worm (D:2)
  3 dart slugs (D:1)
  3 leopard geckos
  11 orcs
  7 bats
  6 giant cockroaches
  6 goblins
  10 hobgoblins
  9 jackals
  2 quokkas
  A ball python (D:1)
  5 frilled lizards
  8 kobolds
  A leopard gecko zombie (D:5)
  8 rats
124 creatures vanquished.

Vanquished Creatures (others)
  7 fulminant prisms
7 creatures vanquished.

Grand Total: 131 creatures vanquished

Notes
Turn   | Place    | Note
-------+----------+-------------------------------------------
     0 | D:1      | pistachioham the Deep Elf Conjurer began the quest for the
                  | Orb.
     0 | D:1      | Reached XP level 1. HP: 10/10 MP: 6/6
   108 | D:1      | Reached XP level 2. HP: 15/15 MP: 4/8
   142 | D:1      | Learned a level 2 spell: Searing Ray
   220 | D:1      | Reached skill level 5 in Conjurations
   394 | D:1      | Reached XP level 3. HP: 19/19 MP: 4/9
   910 | D:2      | Found a hide-covered altar of Uskayaw.
   910 | D:2      | Noticed a +0 hand axe
   910 | D:2      | Noticed a +0 dagger
  1035 | D:2      | Noticed Sigmund
  1263 | D:2      | Noticed Terence
  1278 | D:2      | Learned a level 3 spell: Dazzling Flash
  1289 | D:2      | Killed Terence
  1290 | D:2      | Reached skill level 1 in Hexes
  1290 | D:2      | Reached XP level 4. HP: 24/24 MP: 6/11
  1343 | D:2      | Found an opulent altar of Gozag.
  1551 | D:2      | Noticed Jessica
  1556 | D:2      | Killed Jessica
  1657 | D:2      | Reached XP level 5. HP: 28/28 MP: 6/12
  1669 | D:1      | Learned a level 4 spell: Fulminant Prism
  1830 | D:2      | Killed Sigmund
  1831 | D:2      | Reached XP level 6. HP: 32/32 MP: 8/13
  2101 | D:3      | Found a faded altar of an unknown god.
  2689 | D:4      | Reached skill level 5 in Hexes
  2862 | D:4      | Noticed Natasha
  2869 | D:4      | Killed Natasha
  3111 | D:4      | Noticed Pikel
  3120 | D:4      | Killed Pikel
  3121 | D:4      | Reached XP level 7. HP: 36/36 MP: 2/14
  3480 | D:5      | Entered Level 5 of the Dungeon
  3540 | D:5      | Reached XP level 8. HP: 41/41 MP: 9/15
  3585 | D:5      | Got a pair of faintly glowing boots
  3591 | D:5      | Identified the +0 pair of boots "Gatih" {+Fly Str+2} (You
                  | found it on level 5 of the Dungeon)
  3959 | D:5      | Found a runed translucent door.
  3960 | D:5      | Noticed Crazy Yiuf
  3965 | D:5      | Killed Crazy Yiuf
  4073 | D:5      | Found a snail-covered altar of Cheibriados.
  4086 | D:5      | Found an iron altar of Okawaru.
  4212 | D:6      | Noticed Maggie
  4222 | D:6      | Killed Maggie
  4617 | D:6      | You fall into a shaft and drop 3 floors!
  4627 | D:9      | Got a heavily runed ring mail
  4670 | D:9      | Reached skill level 10 in Conjurations
  4673 | D:9      | Reached skill level 10 in Hexes
  4779 | D:9      | Reached XP level 9. HP: 42/45 MP: 8/16
  4783 | D:9      | Reached skill level 1 in Bows
  4943 | D:7      | HP: 1/45 [wight/+0 great sword (11)]
  4951 | D:7      | Slain by a wight

Illustrated notes

Levels and vault maps discovered:
D:1:      dpeg_arrival_pond, layout_rooms
D:2:      layout_basic, dancing_weapons_uskayaw,
          nicolae_gozag_cash_rules_everything_around_me, uniq_sigmund,
          uniq_jessica, uniq_terence
D:3:      layout_basic, chequers_ecumenical_altar_simple_redux
D:4:      layout_cave_pools, uniq_blork_the_orc, uniq_natasha, uniq_pikel
D:5:      layout_rooms, amethyst_overflow_temple_binary,
          minmay_misc_feat_pillars, minivault_11, uniq_crazy_yiuf_cottage
D:6:      layout_rooms, vehumet_crystals, old_standard_altar, uniq_maggie,
          uniq_prince_ribbit1
D:7:      layout_loops_corners, minmay_temple_entry_crystal_x,
          makhleb_blood_cavern_becter
D:8:      layout_loops_ring, serial_shops, nicolae_shop_stone,
          nicolae_shop_waterfront, shop, chequers_serial_rivers_micro_b
D:9:      layout_basic, grunt_dithmenos_smoke_and_mirrors,
          kennysheep_little_box, uniq_erolcha, uniq_maurice, uniq_joseph

Skill      XL: |  1  2  3  4  5  6  7  8  9 |
---------------+----------------------------+-----
Conjurations   | 5 6 8 10 | 10.3
Stealth        | 3 |  3.0
Hexes          | 1 2 4 7 10 | 10.3
Bows           | 2 |  2.2
Dodging        | |  2.5
Spellcasting   | |  3.6

Action                   |  1- 3 |  4- 6 |  7- 9 || total
-------------------------+-------+-------+-------++-------
Melee: Dagger            |       |     4 |     8 ||    12
 Cast: Magic Dart        |    46 |    27 |     8 ||    81
       Searing Ray       |     9 |    22 |    25 ||    56
       Fulminant Prism   |       |     3 |     4 ||     7
  Use: Scroll            |     1 |       |     1 ||     2
       Potion            |       |       |     1 ||     1
Armor: Robe              |     1 |       |     3 ||     4
Dodge: Dodged            |     1 |    10 |    28 ||    39

Table legend: (Time is in decaauts)
 A = Elapsed time spent in this place.
 B = Non-inter-level travel time spent in this place.
 C = Inter-level travel time spent in this place.
 D = Time resting spent in this place.
 E = Time spent auto-exploring this place.
 F = Levels seen in this place.
 G = Mean time per level.
                   A        B        C        D        E       F      G
               +--------+--------+--------+--------+--------+-----+--------+
         Total |   4954 |   4851 |    103 |   1674 |   1290 |   9 |  550.4 |
       Dungeon |   4954 |   4851 |    103 |   1674 |   1290 |   9 |  550.4 |
               +--------+--------+--------+--------+--------+-----+--------+

Top non-repeatable levels by time:
     D:1: 1055 daAuts
     D:3: 926 daAuts
     D:2: 900 daAuts
     D:5: 763 daAuts
     D:4: 602 daAuts
     D:6: 375 daAuts
     D:9: 311 daAuts
     D:7: 11 daAuts
     D:8: 6 daAuts
